 Dungeon Crawl Stone Soup version 0.22-a0-558-gc224181 (webtiles) character file.

837 royokou the Conjurer (level 7, -1/55 HPs)
             Began as a Deep Elf Conjurer on June 27, 2018.
             Was a Believer of Vehumet.
             Killed from afar by an orc wizard (2 damage)
             ... with a puff of frost
             ... on level 5 of the Dungeon.
             The game lasted 00:30:09 (4840 turns).

royokou the Conjurer (Deep Elf Conjurer)            Turns: 4840, Time: 00:30:11

Health: -1/55      AC: 23    Str:  7    XL:     7   Next: 66%
Magic:  8/18       EV:  2    Int: 20    God:    Vehumet [**....]
Gold:   238        SH:  6    Dex: 15    Spells: 7/19 levels left

rFire    . . .     SeeInvis .   H - +0 rapier
rCold    . . .     Gourm    .   (no shield)
rNeg     + + +     Faith    .   (armour currently unavailable)
rPois    +         Spirit   .   (helmet currently unavailable)
rElec    .         Reflect  +   (cloak currently unavailable)
rCorr    .         Harm     .   (gloves currently unavailable)
MR       .....     NoTele   +   (boots currently unavailable)
Stlth    ++........             p - +6 amulet of reflection
HPRegen  0.18/turn              (no ring)
MPRegen  0.16/turn              (no ring)

@: tree-form
A: no striking features
a: Renounce Religion


You were on level 5 of the Dungeon.
You worshipped Vehumet.
Vehumet was pleased with you.
You were not hungry.
You were a tree.
You visited 1 branch of the dungeon, and saw 5 of its levels.
You also visited: Ossuary.

You collected 238 gold pieces.

Inventory:

Hand Weapons
 g - a +2 short sword of venom
 w - a +0 scythe
 H - a +0 rapier (weapon)
Armour
 a - a +0 robe
 d - a +3 chain mail
 e - a +0 pair of boots (melded)
 h - a cursed +0 chain mail
 k - a +0 robe
 l - a +0 ring mail
 n - a +0 robe
 o - a +0 robe
 q - the +0 plate armour of Hairiness {Dex+2 Stlth+, unknown}
   (You found it on level 4 of the Dungeon)

   It affects your dexterity (+2).
   It makes you more stealthy.
 s - a +0 leather armour
 t - a +0 leather armour
 u - a +0 leather armour
 x - a +1 robe of magic resistance
 y - a +0 cloak (melded)
 z - a +0 leather armour (melded)
Jewellery
 f - an uncursed amulet of magic regeneration
 m - an uncursed amulet of harm
 p - a +6 amulet of reflection (around neck)
Wands
 F - a wand of disintegration (14)
Scrolls
 b - 2 scrolls of identify
 j - 2 scrolls of enchant weapon
 r - a scroll of fog
 v - 3 scrolls of remove curse
 A - a scroll of vulnerability {unknown}
 B - a scroll of fear
 C - 2 scrolls of teleportation
 E - a scroll of magic mapping
 G - a scroll of amnesia
 I - a scroll of immolation
Potions
 i - 2 potions of flight
Comestibles
 c - 5 rations


   Skills:
 + Level 0.8 Fighting
 + Level 2.9 Short Blades
 + Level 1.3 Armour
 + Level 4.5 Dodging
 + Level 3.2 Stealth
 + Level 6.5 Spellcasting
 + Level 6.6 Conjurations
 * Level 1.8 Fire Magic


You had 7 spell levels left.
You knew the following spells:

 Your Spells              Type           Power        Failure   Level  Hunger
a - Magic Dart            Conj           ####         1%          1    None
b - Searing Ray           Conj           ####..       1%          2    None
c - Iskenderun's Mystic   Conj           ####....     6%          4    ###....
d - Fulminant Prism       Conj/Hex       ###.......   26%         4    ###....
e - Flame Tongue          Conj/Fire      ###..        1%          1    None

Your spell library contained the following spells:

 Spells                   Type           Power        Failure   Level  Hunger
 Dazzling Spray           Conj/Hex       ###...       8%          3    #......
 Force Lance              Conj/Tloc      ###.....     26%         4    ###....


Dungeon Overview and Level Annotations

Branches:
Dungeon (5/15)
 Temple: D:4-7

Altars:
Gozag
Kikubaaqudgha
Ru
Vehumet
Yredelemnul
The Shining One

Shops:
D:4 [

Annotations:
D:4 3 runed doors, Potronius's ghost, amateur DrMo


Message History

Beogh smites you!
Casting: Iskenderun's Mystic Blast (safe; 10% risk of failure)
Confirm with . or Enter, or press ? or * to list all spells.
Aiming: Iskenderun's Mystic Blast (safe; 10% risk of failure)
Press: ? - help, Shift-Dir - straight line, f/p - orc wizard
Aim: an orc wizard, wielding a dagger and wearing a robe (lightly wounded)
The orb of energy hits the orc wizard.
The orc wizard is moderately wounded.
The orc wizard casts a spell at you. The puff of flame hits you!
* * * LOW HITPOINT WARNING * * *
An orc comes into view.
Okay, then.
You turn into a tree.
Your +0 cloak melds into your body.
Your +0 pair of boots melds into your body.
Your +0 leather armour melds into your body.
Your roots penetrate the ground.
The orc wizard casts a spell at you. The puff of frost hits you!
You die...

o# #####o## #...o..
###.....# .......#
#.....# #.....# #♣#
#.###### #......###
############.....#
#.......####.###.#
#............# #.######.
#............###........
#.........##............
#...>...####..#.#.......


You could see an orc priest, an orc wizard and an orc.

Vanquished Creatures
  Sigmund (D:3)
  A scorpion (D:5)
  A howler monkey (D:5)
  2 orc priests (D:4)
  7 orc wizards
  2 bullfrog skeletons (D:5)
  A jelly (D:5)
  2 worker ants (D:4)
  A hound skeleton (D:5)
  3 mummies
  2 adders
  A worm zombie (D:4)
  2 adder skeletons (D:4)
  4 worms
  4 dart slugs
  A leopard gecko (D:4)
  14 orcs
  3 giant cockroaches
  8 hobgoblins
  6 jackals
  8 kobolds
  3 ball pythons
  8 bats
  4 frilled lizards
  5 goblins
  3 hobgoblin zombies (Ossuary)
  A jackal zombie (D:4)
  3 kobold zombies (Ossuary)
  A leopard gecko skeleton (D:4)
  2 orc zombies
  7 rats
111 creatures vanquished.

Notes
Turn   | Place    | Note
-------+----------+-------------------------------------------
     0 | D:1      | royokou the Deep Elf Conjurer began the quest for the Orb.
     0 | D:1      | Reached XP level 1. HP: 10/10 MP: 6/6
    85 | D:1      | Reached XP level 2. HP: 6/15 MP: 1/8
   335 | D:1      | Reached skill level 5 in Conjurations
   588 | D:1      | Reached XP level 3. HP: 19/19 MP: 4/9
  1382 | D:2      | Learned a level 2 spell: Searing Ray
  1471 | D:2      | Found an ancient bone altar of Kikubaaqudgha.
  1555 | D:2      | Found a radiant altar of Vehumet.
  1555 | D:2      | Found a glowing golden altar of the Shining One.
  1565 | D:2      | Became a worshipper of Vehumet
  1668 | D:2      | Reached XP level 4. HP: 12/24 MP: 9/11
  1674 | D:2      | Learned a level 4 spell: Iskenderun's Mystic Blast
  2052 | D:3      | Noticed Sigmund
  2104 | D:3      | Reached XP level 5. HP: 24/28 MP: 3/13
  2406 | D:3      | Found a basalt altar of Yredelemnul.
  2636 | D:3      | Killed Sigmund
  2636 | D:3      | Reached skill level 1 in Short Blades
  2636 | D:3      | Reached skill level 5 in Spellcasting
  2636 | D:3      | Reached XP level 6. HP: 33/33 MP: 2/16
  2642 | D:3      | Learned a level 4 spell: Fulminant Prism
  3467 | D:4      | Reached * piety under Vehumet
  3467 | D:4      | Offered knowledge of Flame Tongue by Vehumet.
  3470 | D:4      | Learned a level 1 spell: Flame Tongue
  3506 | D:4      | Got a twisted plate armour
  3544 | D:4      | Found a sand-covered staircase.
  3550 | D:4      | Reached XP level 7. HP: 37/37 MP: 13/18
  3573 | Ossuary  | Entered an ossuary
  3618 | Ossuary  | HP: 1/37 [mummy (15)]
  3954 | D:4      | Found a sacrificial altar of Ru.
  4030 | D:4      | Found an opulent altar of Gozag.
  4239 | D:4      | Reached skill level 1 in Fire Magic
  4255 | D:4      | Found a runed gate.
  4255 | D:4      | Found a runed gate.
  4255 | D:4      | Found a runed gate.
  4261 | D:4      | Noticed Potronius's ghost (amateur DrMo)
  4334 | D:4      | Found Mablehib's Armour Shop.
  4517 | D:5      | Entered Level 5 of the Dungeon
  4544 | D:5      | Reached skill level 1 in Armour
  4780 | D:5      | Reached ** piety under Vehumet
  4805 | D:5      | Offered knowledge of Sandblast by Vehumet.
  4839 | D:5      | HP: 1/37 [orc wizard/puff of flame (14)]
  4840 | D:5      | Killed from afar by an orc wizard

Vault maps used:
D:1:      evilmike_arrival_plus, minmay_stone_trees_medium
D:2:      gammafunk_temple_overflow_pools, lemuel_coloured_pillars_altar
D:3:      yredelemnul_altar_generic, roderic_roman_lattice, wad_orctagon,
          uniq_sigmund
D:4:      grunt_gozag_statues, lemuel_crystal_altar, enter_ossuary_3,
          serial_shops, shop_statue, gammafunk_ghost_necromancy, first_ration
D:5:      minitemple
Ossuary:  ossuary_tomb_3

Skill      XL: |  1  2  3  4  5  6  7 |
---------------+----------------------+-----
Conjurations   | 5 6 |  6.6
Dodging        | 3 4 |  4.5
Spellcasting   | 4 5 6 |  6.5
Short Blades   | 1 2 |  2.9
Stealth        | 3 |  3.2
Fire Magic     | 1 |  1.8
Armour         | 1 |  1.3
Fighting       | |  0.8

Action                   |  1- 3 |  4- 6 |  7- 9 || total
-------------------------+-------+-------+-------++-------
Melee: Unarmed           |    19 |       |       ||    19
       Short sword       |    24 |    51 |    54 ||   129
       Rapier            |       |       |     8 ||     8
 Cast: Magic Dart        |    82 |    51 |    48 ||   181
       Iskenderun's Myst |       |     6 |    11 ||    17
       Searing Ray       |       |     5 |       ||     5
  Use: Scroll            |     1 |     6 |     3 ||    10
       Potion            |     1 |     2 |     4 ||     7
  Eat: Chunk             |     2 |     4 |       ||     6
       Ration            |       |     1 |     2 ||     3
Armor: Robe              |    22 |       |       ||    22
       Leather armour    |       |     3 |     3 ||     6
Dodge: Dodged            |    41 |    25 |    43 ||   109
Block: Other             |       |     8 |    18 ||    26
       Reflection        |       |       |     1 ||     1

Table legend:
 A = Spawn XP
 B = Non-spawn XP
 C = Spawn XP percentage of total XP
 D = Spawn monster count
 E = Non-spawn monster count
 F = Spawn count percentage of total count
 G = Total turns spent on level
                    A         B        C        D         E        F      G
               +---------+---------+-------+---------+---------+-------+---------
         Total |       0 |    1196 |   0.0 |       0 |     111 |   0.0 |  4840
               +---------+---------+-------+---------+---------+-------+---------
           D:1 |       0 |      42 |   0.0 |       0 |      23 |   0.0 |   691
           D:2 |       0 |      58 |   0.0 |       0 |      23 |   0.0 |  1218
           D:3 |       0 |     413 |   0.0 |       0 |      25 |   0.0 |  1312
           D:4 |       0 |     370 |   0.0 |       0 |      24 |   0.0 |  1249
           D:5 |       0 |     270 |   0.0 |       0 |       7 |   0.0 |   323
       Ossuary |       0 |      43 |   0.0 |       0 |       9 |   0.0 |    47
               +---------+---------+-------+---------+---------+-------+---------
